 Dungeon Crawl Stone Soup version 0.29.0-4-gdea44cf6ec (webtiles) character file.

Game seed: 11590300378637576931

1424 ImASeal the Grappler (level 8, -4/78 HPs)
             Began as a Troll Berserker on Aug 27, 2022.
             Was a Priest of Trog.
             Slain by a yak (12 damage)
             ... on level 5 of the Dungeon.
             The game lasted 00:20:09 (3233 turns).

ImASeal the Grappler (Troll Berserker)              Turns: 3233, Time: 00:20:09

Health: -4/78      AC:  8    Str: 28    XL:     8   Next: 44%
Magic:  7/7        EV: 10    Int:  3    God:    Trog [***...]
Gold:   281        SH:  5    Dex:  9    Spells: 7/7 levels left

rFire   . . .      SeeInvis .     - Unarmed
rCold   . . .      Faith    .   (no shield)
rNeg    . . .      Spirit   .   a - +0 animal skin
rPois   .          Reflect  +   (helmet restricted)
rElec   .          Harm     .   (no cloak)
rCorr   .          Rampage  .   (gloves unavailable)
Will    .....                   (boots unavailable)
Stlth   +.........              j - amulet of reflection
HPRegen 1.03/turn               f - +4 ring of protection
MPRegen 0.10/turn               (no ring)

@: brilliant
A: large, unfitting armour, claws 3, regeneration 1, shaggy fur 1, tough skin 1
a: Renounce Religion, Berserk, Trog's Hand


You were on level 5 of the Dungeon.
You worshipped Trog.
Trog was most pleased with you.
You visited 1 branch of the dungeon, and saw 5 of its levels.

You collected 281 gold pieces.

Inventory:

Armour
 a - a +0 animal skin (worn)
 p - a +0 robe
Jewellery
 b - a ring of fire
 e - an amulet of magic regeneration
 f - a +4 ring of protection (left claw)
 j - an amulet of reflection (around neck)
Wands
 l - a wand of digging (8)
Scrolls
 d - 3 scrolls of fear
 g - a scroll of enchant armour {unknown}
 h - a scroll of immolation {unknown}
 i - a scroll of blinking
 k - a scroll of butterflies {unknown}
 m - a scroll of identify {unknown}
 o - 2 scrolls of teleportation
 s - a scroll of enchant weapon {unknown}
 u - a scroll of summoning {unknown}
 v - a scroll of amnesia
 w - a scroll of poison {unknown}
Potions
 c - a potion of attraction {unknown}
 n - a potion of heal wounds {unknown}
 r - a potion of curing {unknown}
 t - a potion of lignification {unknown}


   Skills:
 * Level 4.1 Fighting
 + Level 4.7 Dodging
 - Level 1.0 Stealth
 - Level 1.2 Shields
 + Level 8.4 Unarmed Combat


You had 7 spell levels left.
You didn't know any spells.
Your spell library contained the following spells:

 Spells                   Type           Power      Damage    Failure   Level
 Apportation              Tloc           0%         N/A       52%         1
 Necrotise                Necr           0%         1d4       52%         1
 Summon Small Mammal      Summ           0%         N/A       52%         1


Dungeon Overview and Level Annotations

Branches:
Dungeon (5/15)
 Temple: D:4-7

Altars:
Fedhas
Hepliaklqana
Yredelemnul
Zin
The Shining One


Innate Abilities, Weirdness & Mutations

You are too large for most types of armour.
You have claws for hands.
Your natural rate of healing is unusually fast.
You are covered in fur. (AC +1)
You have tough skin. (AC +1)


Message History

The yak gores you! You block the yak's attack.
You mangle the yak!!
The yak is almost dead.
The yak gores you but does no damage. x2; You block the yak's attack.
The jelly quivers.
You claw the yak!
You kill the yak!
Trog accepts your kill. The yak closely misses you.
The yak completely misses you.
Your Fighting skill increases to level 4!
You claw the yak!
The yak is heavily wounded.
The yak barely misses you. The yak gores you! x2
You scratch the yak but do no damage.
The yak is heavily wounded.
You mangle the yak!!
The yak is almost dead.
The yak gores you but does no damage. You block the yak's attack.
The yak gores you! The yak gores you.
You are too injured to fight recklessly!
You are too injured to fight recklessly!
You are too injured to fight recklessly!
You barely miss the yak.
The yak is almost dead.
The yak gores you but does no damage. The yak gores you!
* * * LOW HITPOINT WARNING * * *
The yak gores you.
* * * LOW HITPOINT WARNING * * *
The yak gores you!
* * * LOW HITPOINT WARNING * * *
Unknown command.
Unknown command.
Unknown command.
Unknown command.
It was a potion of brilliance.
You feel clever all of a sudden. The yak gores you.
* * * LOW HITPOINT WARNING * * *
The yak gores you!
You die...

##.....#########
##.............#
#####...#........ #
######.........# .##
#....<.........####..##
...####.>...............
.# ##.###.#..J...^... ##
#.###.#..YY......
#..##....@Y......
##........Y......
###.#...........
......##.#.#...
#>.##.#..#.#...#.
............. ###
.............#.
.........#..##.#
.........#..# #


You could see 4 yaks and a jelly.

Vanquished Creatures
  The ghost of zielscheibe the Changer, a novice OpTm (D:5)
  2 yaks (D:5)
  A phantom (D:5)
  3 scorpions
  2 howler monkeys (D:5)
  2 centaur zombies (D:5)
  A hound (D:5)
  A gnoll bouda (D:4)
  3 iguanas
  An orc wizard (D:5)
  2 scorpion zombies (D:3)
  A killer bee zombie (D:5)
  A howler monkey zombie (D:3)
  4 gnolls
  An adder (D:4)
  An adder zombie (D:3)
  4 worms
  2 dart slugs
  4 orcs (D:5)
  7 bats
  4 endoplasms
  3 giant cockroaches
  5 goblins
  8 hobgoblins
  2 quokkas
  8 ball pythons
  2 frilled lizards (D:1)
  11 kobolds
  4 rats
91 creatures vanquished.

Vanquished Creatures (others)
  7 fungi (D:4)
  8 plants (D:4)
15 creatures vanquished.

Grand Total: 106 creatures vanquished

Notes
Turn   | Place    | Note
-------+----------+-------------------------------------------
     0 | D:1      | ImASeal the Troll Berserker began the quest for the Orb.
     0 | D:1      | Reached XP level 1. HP: 22/22 MP: 0/0
   124 | D:1      | Reached XP level 2. HP: 25/29 MP: 1/1
   190 | D:1      | Found a faded altar of an unknown god.
   406 | D:1      | Reached XP level 3. HP: 36/36 MP: 2/2
   547 | D:1      | Reached ** piety under Trog
  1561 | D:3      | Reached skill level 4 in Unarmed Combat
  1561 | D:3      | Reached XP level 4. HP: 44/44 MP: 3/3
  1859 | D:3      | Found a basalt altar of Yredelemnul.
  2053 | D:4      | Found a glowing silver altar of Zin.
  2175 | D:4      | Found a hazy altar of Hepliaklqana.
  2194 | D:4      | Reached XP level 5. HP: 43/52 MP: 4/4
  2301 | D:4      | Found a blossoming altar of Fedhas.
  2572 | D:4      | Reached skill level 5 in Unarmed Combat
  2597 | D:4      | Found a glowing golden altar of the Shining One.
  2760 | D:4      | Reached XP level 6. HP: 60/61 MP: 5/5
  2775 | D:4      | Reached skill level 6 in Unarmed Combat
  2776 | D:4      | Reached *** piety under Trog
  2872 | D:5      | Entered Level 5 of the Dungeon
  2889 | D:5      | Reached skill level 1 in Stealth
  2889 | D:5      | Reached skill level 1 in Shields
  2889 | D:5      | Reached XP level 7. HP: 66/67 MP: 6/6
  2917 | D:5      | Found a transporter.
  2919 | D:5      | Noticed zielscheibe's ghost (novice OpTm)
  2985 | D:5      | Found a transporter.
  3092 | D:5      | Reached skill level 7 in Unarmed Combat
  3157 | D:5      | Killed zielscheibe's ghost
  3158 | D:5      | Reached XP level 8. HP: 67/78 MP: 7/7
  3224 | D:5      | Reached skill level 8 in Unarmed Combat
  3233 | D:5      | Slain by a yak

Illustrated notes

Levels and vault maps discovered:
D:1:      dpeg_arrival_shrine, layout_basic, shapermc_ecumenical_altar_petra,
          grunt_decor_cap
D:2:      layout_loops_ring
D:3:      layout_rooms, nicolae_yredelemnul_corpse_copse
D:4:      old_forge, layout_loops_ring, mainiacjoe_overflow_alcove_4,
          kennysheep_mini_moat, tso_altar, zin_academy
D:5:      layout_rooms, makhleb_altar_promises_db, gammafunk_ghost_mausoleum,
          minmay_pentangle, uniq_blork_the_orc

Skill      XL: |  1  2  3  4  5  6  7  8 |
---------------+-------------------------+-----
Unarmed Combat | 4 5 6 7 8 |  8.4
Dodging        | 3 4 |  4.7
Fighting       | 3 4 |  4.1
Stealth        | 1 |  1.0
Shields        | 1 |  1.2

Action                   |  1- 3 |  4- 6 |  7- 9 || total
-------------------------+-------+-------+-------++-------
Melee: Unarmed           |    83 |   111 |    64 ||   258
       Punch             |     2 |     2 |       ||     4
  Use: Scroll            |       |       |     4 ||     4
       Potion            |       |       |     1 ||     1
 Stab: Sleeping          |     1 |       |       ||     1
       Held in net/web   |       |     1 |       ||     1
Armor: Animal skin       |    25 |    59 |    29 ||   113
Dodge: Dodged            |    32 |    58 |    43 ||   133
Block: Other             |     2 |    22 |    16 ||    40
